 Dungeon Crawl Stone Soup version 0.30.0-29-ga12c61a403 (webtiles) character file.

Game seed: 3791563740489105557

226 AgateBread the Digger (level 6, 0/51 HPs)
             Began as a Ghoul Earth Elementalist on June 23, 2023.
             Shot with an arrow by a centaur (1 damage)
             ... on level 4 of the Dungeon.
             The game lasted 00:21:29 (4087 turns).

AgateBread the Digger (Ghoul Earth Elementalist)    Turns: 4087, Time: 00:21:29

Health: 0/51       AC:  3    Str: 12    XL:     6   Next: 1%
Magic:  5/7        EV: 11    Int: 12    God:
Gold:   137        SH:  0    Dex:  9    Spells: 7/8 levels left

rFire   + . .        r - +1 short sword (venom)
rCold   + . .        (no shield)
rNeg    + + +        i - +0 leather armour
rPois   ∞            (no helmet)
rElec   .            (no cloak)
rCorr   .            (no gloves)
SInv    .            (no boots)
Will    .....        (no amulet)
Stlth   +            w - ring of protection from fire
HPRegen 0.00/turn    (no ring)
MPRegen 0.10/turn

%: no passive effects
@: inhibited regen
A: claws 1, cold resistance 1, negative energy resistance 3, inhibited
regeneration, torment resistance 2, devour on kill
a: no special abilities


You were on level 4 of the Dungeon.
You visited 1 branch of the dungeon, and saw 4 of its levels.

You collected 137 gold pieces.

Inventory:

Hand Weapons
 f - a +1 antimagic shortbow
 k - a +1 short sword of draining
 r - a +1 short sword of venom (weapon)
Missiles
 d - 25 stones
Armour
 a - a +0 robe
 i - a +0 leather armour (worn)
 l - a +0 scale mail
 q - a +0 plate armour
Jewellery
 j - a ring of ice
 w - a ring of protection from fire (left claw)
 x - a ring of magical power
Scrolls
 g - a scroll of enchant weapon
 h - a scroll of magic mapping {unknown}
 m - 2 scrolls of poison
 n - a scroll of vulnerability {unknown}
 o - a scroll of noise {unknown}
 u - a scroll of teleportation
 v - 2 scrolls of immolation {unknown}
Potions
 c - a potion of resistance
 e - a potion of might
 p - 2 potions of brilliance
 s - 2 potions of attraction
 t - a potion of cancellation {unknown}


   Skills:
 + Level 3.3 Fighting
 - Level 1.7 Dodging
 - Level 2.1 Stealth
 + Level 3.4 Unarmed Combat
 - Level 1.7 Spellcasting
 - Level 0.8 Transmutations
 + Level 4.9 Earth Magic


You had 7 spell levels left.
You knew the following spells:

 Your Spells              Type           Power      Damage    Failure   Level
a - Sandblast             Erth           24%        2d8       4%          1

Your spell library contained the following spells:

 Spells                   Type           Power      Damage    Failure   Level
 Passwall                 Tmut/Erth      5%         N/A       17%         2
 Stone Arrow              Conj/Erth      12%        3d7       36%         3
 Poisonous Vapours        Pois/Air       2%         N/A       47%         2
 Mephitic Cloud           Conj/Pois/Air  1%         N/A       71%         3
 Petrify                  Tmut/Erth      7%         N/A       73%         4
 Freezing Cloud           Conj/Ice/Air   0%         6-21      100%        5


Dungeon Overview and Level Annotations

Branches:
Dungeon (4/15)
 Temple: D:4-7

Altars:
Xom

Annotations:
D:2 Sigmund


Innate Abilities, Weirdness & Mutations

You are immune to poison.
You have sharp fingernails.
Your flesh is cold resistant. (rC+)
You are immune to negative energy. (rN+++)
You do not regenerate when monsters are visible.
You are immune to unholy pain and torment.
You thrive by killing the living.


Message History

* * * LOW HITPOINT WARNING * * *
Okay, then.
Okay, then.
Okay, then.
What are your orders? t - Shout!
Orders for allies: a - Attack new target. p - Attack previous target. r - Retreat! s - Stop attacking. g - Guard the area. f - Follow me.
Anything else - Cancel.
Okay, then.
As you read the scroll labelled VATEHUB KIOHA, it crumbles to dust.
You feel strangely unstable.
It was a scroll of teleportation.
The phantom barely misses you.
You closely miss the phantom.
The phantom is severely damaged.
The phantom hits you.
* * * LOW HITPOINT WARNING * * *
You miss the phantom.
The phantom is severely damaged.
The phantom closely misses you.
Your magical contamination has completely faded away.
You hit the phantom but do no damage.
The phantom is severely damaged.
The phantom hits you but does no damage.
You hit the phantom but do no damage.
The phantom is heavily damaged.
Your surroundings suddenly seem different.
A centaur and a gnoll come into view.
Found a short sword.
Found a stone staircase leading down.
The gnoll shouts!
The centaur wields a +0 shortbow.
The centaur shoots an arrow.
The arrow hits you.
* * * LOW HITPOINT WARNING * * *
The centaur shoots an arrow.
The arrow barely misses you.
There is a stone staircase leading down here.
The centaur shoots an arrow.
The arrow hits you.
* * * LOW HITPOINT WARNING * * *
The centaur shoots an arrow.
The arrow hits you.
You die...

......######..#.#.)..
....W..).......... .
......######..#...g#
......# .....#.
##.##.# #.c..g #.##>#
#....# #.##.# #....#
..##.# #....#
####.##### ##..@#
#†....# #..## #.###.#
#...# #.# .# #..##
#.###.# #.. #.....#
#..# ###.### #..# #.#
#..# #.#####..#


You could see a centaur and a gnoll.

Vanquished Creatures
  A centaur (D:3)
  An orc priest (D:3)
  2 adders (D:4)
  11 dart slugs (D:3)
  7 orcs (D:3)
  3 ball pythons
  8 endoplasms
  4 giant cockroaches
  9 goblins (D:1)
  3 hobgoblins
  6 kobolds
  3 quokkas
  3 bats (D:2)
  A frilled lizard (D:3)
  2 rats (D:1)
64 creatures vanquished.

Notes
Turn   | Place    | Note
-------+----------+-------------------------------------------
     0 | D:1      | AgateBread the Ghoul Earth Elementalist began the quest for
                  | the Orb.
     0 | D:1      | Reached XP level 1. HP: 14/14 MP: 2/2
   577 | D:1      | Reached XP level 2. HP: 22/22 MP: 3/3
   598 | D:1      | Reached skill level 1 in Unarmed Combat
   648 | D:1      | Found a faded altar of an unknown god.
   683 | D:1      | Reached skill level 1 in Fighting
  1202 | D:1      | Reached XP level 3. HP: 28/28 MP: 4/4
  1501 | D:2      | Noticed Sigmund
  2546 | D:3      | Reached skill level 4 in Earth Magic
  2615 | D:3      | Reached XP level 4. HP: 36/36 MP: 2/5
  2922 | D:3      | Reached XP level 5. HP: 18/42 MP: 2/6
  3183 | D:3      | Noticed a centaur
  3195 | D:3      | HP: 1/42 [centaur (2)]
  3198 | D:3      | Killed a centaur
  3896 | D:4      | Found a shimmering altar of Xom.
  4047 | D:4      | Noticed a phantom
  4063 | D:4      | Reached XP level 6. HP: 37/51 MP: 5/7
  4087 | D:4      | HP: 1/51 [centaur/arrow (6)]
  4087 | D:4      | Shot with an arrow by a centaur

Illustrated notes

Levels and vault maps discovered:
D:1:      mushboom_english_gardens, layout_basic,
          hellmonk_ecumenical_altar_inner_sanctum, minmay_close_crescents
D:2:      layout_loops_cross, uniq_sigmund
D:3:      kennysheep_slugbush, layout_loops_ring, chequers_serial_rivers_marsh
D:4:      layout_loops_ring, zin_scriptorium, brannock_xom_greatest_gift,
          chequers_avenue

Skill      XL: |  1  2  3  4  5 |
---------------+----------------+-----
Unarmed Combat | 1 2 3 |  3.4
Fighting       | 1 2 3 |  3.3
Earth Magic    | 4 |  4.9
Dodging        | |  1.7
Stealth        | |  2.1
Spellcasting   | |  1.7
Transmutations | |  0.8

Action                     |  1- 3 |  4- 6 || total
---------------------------+-------+-------++-------
  Melee: Unarmed           |    96 |    13 ||   109
         Punch             |     2 |     2 ||     4
         Short sword       |       |    51 ||    51
   Cast: Sandblast         |    19 |    31 ||    50
    Use: Scroll            |     5 |     4 ||     9
         Potion            |       |     3 ||     3
   Stab: Sleeping          |     1 |       ||     1
 Armour: Robe              |     2 |       ||     2
         Leather armour    |    16 |    25 ||    41
  Dodge: Dodged            |    61 |    44 ||   105
